 Dungeon Crawl Stone Soup version 0.23-a0-395-gcf17ac6 (webtiles) character file.

2307 HDogLeCool the Magician (level 9, -3/67 HPs)
             Began as a Gnoll Wanderer on Nov 1, 2018.
             Was a Follower of Sif Muna.
             Shot with an arrow by a centaur (8 damage)
             ... on level 6 of the Dungeon.
             The game lasted 00:30:37 (6488 turns).

HDogLeCool the Magician (Gnoll Wanderer)            Turns: 6488, Time: 00:30:38

Health: -3/67      AC:  6    Str: 15    XL:     9   Next: 41%
Magic:  12/18      EV: 21    Int: 21    God:    Sif Muna [*.....]
Gold:   202        SH:  0    Dex: 18    Spells: 16/21 levels left

rFire    + . .     SeeInvis .   q - +2 flail (crush)
rCold    . . .     Gourm    .   (no shield)
rNeg     . . .     Faith    .   E - +3 leather armour {rF+}
rPois    .         Spirit   .   (no helmet)
rElec    .         Reflect  .   (no cloak)
rCorr    .         Harm     .   (no gloves)
MR       .....                  (no boots)
Stlth    ++++......             (no amulet)
HPRegen  0.21/turn              d - +2 ring of intelligence
MPRegen  0.16/turn              n - +2 ring of evasion

@: agile
A: distributed training, fangs 1, strong nose
a: Divine Energy, Renounce Religion


You were on level 6 of the Dungeon.
You worshipped Sif Muna.
Sif Muna was aware of your devotion.
You were not hungry.

You visited 1 branch of the dungeon, and saw 6 of its levels.

You collected 202 gold pieces.

Inventory:

Hand Weapons
 q - a +2 flail of crushing (weapon)
Missiles
 e - 110 stones (quivered)
 g - 18 poisoned needles
 m - 6 javelins of penetration
 o - 5 tomahawks
Armour
 E - a +3 leather armour of fire resistance (worn)
Magical Staves
 a - an uncursed staff of summoning
Jewellery
 b - an uncursed ring of fire
 d - a +2 ring of intelligence (left hand)
 n - a +2 ring of evasion (right hand)
 w - an uncursed ring of see invisible
Wands
 C - a wand of random effects (22)
Scrolls
 h - 2 scrolls of identify
 i - a scroll of enchant armour {unknown}
 j - a scroll of remove curse {unknown}
 p - a scroll of magic mapping {unknown}
 r - 3 scrolls of noise {unknown}
 t - 2 scrolls of enchant weapon {unknown}
 u - 3 scrolls of fog {unknown}
 x - 2 scrolls of immolation {unknown}
 z - a scroll of teleportation {unknown}
Potions
 c - a potion of haste {unknown}
 l - a potion of lignification {unknown}
 s - a potion of brilliance {unknown}
 v - 3 potions of curing
 A - a potion of invisibility
 B - a potion of resistance {unknown}
Comestibles
 f - 10 rations


   Skills:
 + Level 4.9 Fighting
 + Level 4.1 Short Blades
 + Level 4.1 Long Blades
 + Level 4.1 Axes
 + Level 6.2 Maces & Flails
 + Level 4.1 Polearms
 + Level 4.1 Staves
 + Level 4.1 Slings
 + Level 4.1 Bows
 + Level 4.1 Crossbows
 + Level 4.1 Throwing
 + Level 4.1 Armour
 + Level 4.1 Dodging
 + Level 4.8 Stealth
 + Level 4.9 Shields
 + Level 4.1 Unarmed Combat
 + Level 6.5 Spellcasting
 + Level 3.4 Conjurations
 + Level 3.4 Hexes
 + Level 3.4 Charms
 + Level 3.4 Summonings
 + Level 3.4 Necromancy
 + Level 3.4 Translocations
 + Level 3.4 Transmutations
 + Level 3.4 Fire Magic
 + Level 3.4 Ice Magic
 + Level 3.4 Air Magic
 + Level 6.5 Earth Magic
 + Level 3.4 Poison Magic
 + Level 4.5 Invocations
 + Level 4.1 Evocations


You had 16 spell levels left.
You knew the following spells:

 Your Spells              Type           Power        Failure   Level  Hunger
a - Sandblast             Erth           ####..       1%          1    None
b - Stone Arrow           Conj/Erth      ####..       4%          3    #......
c - Confusing Touch       Hex            ###...       2%          1    None

Your spell library contained the following spells:

 Spells                   Type           Power        Failure   Level  Hunger
 Infusion                 Chrm           ###.         2%          1    None
 Confuse                  Hex            ###.....     9%          3    #......
 Gell's Gravitas          Tloc           ###.......   9%          3    #......
 Spectral Weapon          Hex/Chrm       ###.....     9%          3    #......
 Petrify                  Tmut/Erth      ####....     14%         4    ###....
 Metabolic Englaciation   Hex/Ice        ###.......   61%         5    #####..
 Yara's Violent Unravell  Hex/Tmut       ###.......   61%         5    #####..


Dungeon Overview and Level Annotations

Branches:
Dungeon (6/15)             Temple (0/1) D:5

Altars:
Cheibriados
Dithmenos
Hepliaklqana
Kikubaaqudgha
Makhleb
Nemelex Xobeh
Okawaru
Ru
Sif Muna
Trog
Wu Jian
Yredelemnul

Shops:
D:4 [

Annotations:
D:5 2 transporters, goofnerd's ghost, novice TrMo


Innate Abilities, Weirdness & Mutations

Your experience applies equally to all skills.
You have very sharp teeth.
Your uncanny sense of smell can sniff out nearby items.


Message History

Aim: a bullfrog (confused)
The blast of sand hits the bullfrog.
The bullfrog is moderately wounded.
e - 110 stones The centaur hits you.
The centaur wields a +0 shortbow.
The centaur shoots an arrow.
The arrow hits you!
* * * LOW HITPOINT WARNING * * *
The worker ant waves its antennae.
You see here an arrow.
The centaur shoots an arrow.
The arrow misses you.
The centaur shoots an arrow.
The arrow hits you.
* * * LOW HITPOINT WARNING * * *
You see here 2 arrows.
You feel agile all of a sudden.
The centaur shoots an arrow.
The arrow misses you.
The centaur shoots an arrow.
The arrow hits you!
* * * LOW HITPOINT WARNING * * *
The centaur shoots an arrow.
The arrow hits you!
You die...

#.#.#
#.#.#
#.#.#
#.#.#
#.#.#
#.#.#
#.#.#
#.#.#
#.#.#
#.#.#
#.#..
..#.#
#.###
#.### #.#
#.#.. #.#
#@#.#
#(#.#
#(#)#
#(#F####.#
#.c.......
###.####.#
a# .# .#


You could see a centaur.

Vanquished Creatures
  Grinder (D:5)
  Prince Ribbit (D:5)
  Sigmund (D:3)
  A wyvern (D:5)
  Eustachio (D:5)
  Menkaure (D:5)
  Duvessa (D:5)
  3 ogres
  A bullfrog (D:5)
  Dowan (D:5)
  3 scorpions
  A crimson imp (D:5)
  3 jellies (D:5)
  A bullfrog skeleton (D:5)
  3 orc priests
  A bullfrog zombie (D:5)
  3 iguanas
  2 orc wizards
  6 worker ants
  2 hound skeletons
  5 adders
  2 worker ant zombies
  An ooze (D:1)
  2 adder skeletons (D:4)
  A worm (D:5)
  3 leopard geckos
  11 orcs
  6 giant cockroaches
  5 hobgoblins
  8 jackals
  3 kobolds
  A quokka (D:2)
  2 ball pythons
  3 bats
  A frilled lizard (D:1)
  9 goblins
  A leopard gecko zombie (D:5)
  A quokka skeleton (D:5)
  6 rats
  A plant (D:2)
109 creatures vanquished.

Vanquished Creatures (others)
  A plant (D:5)
1 creature vanquished.

Grand Total: 110 creatures vanquished

Notes
Turn   | Place    | Note
-------+----------+-------------------------------------------
     0 | D:1      | HDogLeCool the Gnoll Wanderer began the quest for the Orb.
     0 | D:1      | HDogLeCool set off with the following items: a +2 mace, a
                  | +0 robe, a ration; and the following spells available to
                  | memorise: Sandblast, Infusion, Stone Arrow, Spectral Weapon
     0 | D:1      | Reached XP level 1. HP: 17/17 MP: 6/6
     2 | D:1      | Learned a level 1 spell: Sandblast
    85 | D:1      | Reached XP level 2. HP: 23/23 MP: 2/7
   539 | D:2      | Reached XP level 3. HP: 23/28 MP: 9/9
   541 | D:2      | Reached skill level 5 in Spellcasting
   542 | D:2      | Found a hazy altar of Hepliaklqana.
   672 | D:2      | Found a snail-covered altar of Cheibriados.
   880 | D:2      | Found a sacrificial altar of Ru.
   967 | D:2      | Reached skill level 1 in Invocations
  1292 | D:2      | Reached skill level 1 in Short Blades
  1292 | D:2      | Reached skill level 1 in Long Blades
  1292 | D:2      | Reached skill level 1 in Axes
  1292 | D:2      | Reached skill level 1 in Polearms
  1292 | D:2      | Reached skill level 1 in Staves
  1292 | D:2      | Reached skill level 1 in Slings
  1292 | D:2      | Reached skill level 1 in Bows
  1292 | D:2      | Reached skill level 1 in Crossbows
  1292 | D:2      | Reached skill level 1 in Throwing
  1292 | D:2      | Reached skill level 1 in Armour
  1292 | D:2      | Reached skill level 1 in Dodging
  1292 | D:2      | Reached skill level 1 in Unarmed Combat
  1292 | D:2      | Reached skill level 1 in Evocations
  1460 | D:3      | Noticed Sigmund
  1467 | D:3      | Learned a level 3 spell: Stone Arrow
  1471 | D:3      | Killed Sigmund
  1471 | D:3      | Reached skill level 1 in Conjurations
  1471 | D:3      | Reached skill level 1 in Hexes
  1471 | D:3      | Reached skill level 1 in Charms
  1471 | D:3      | Reached skill level 1 in Summonings
  1471 | D:3      | Reached skill level 1 in Necromancy
  1471 | D:3      | Reached skill level 1 in Translocations
  1471 | D:3      | Reached skill level 1 in Transmutations
  1471 | D:3      | Reached skill level 1 in Fire Magic
  1471 | D:3      | Reached skill level 1 in Ice Magic
  1471 | D:3      | Reached skill level 1 in Air Magic
  1471 | D:3      | Reached skill level 1 in Poison Magic
  1471 | D:3      | Reached XP level 4. HP: 23/35 MP: 7/11
  1471 | D:3      | Reached XP level 5. HP: 27/41 MP: 7/12
  1713 | D:3      | Reached XP level 6. HP: 43/47 MP: 13/13
  1903 | D:3      | Found a deep blue altar of Sif Muna.
  1924 | D:3      | Found a shadowy altar of Dithmenos.
  1924 | D:3      | Found a bloodstained altar of Trog.
  1925 | D:3      | Found a sacrificial altar of Ru.
  1926 | D:3      | Found a sparkling altar of Nemelex Xobeh.
  1949 | D:3      | Became a worshipper of Sif Muna the Loreminder
  2613 | D:4      | Found an ornate altar of the Wu Jian Council.
  2616 | D:4      | Found a burning altar of Makhleb.
  2641 | D:4      | Reached skill level 5 in Maces & Flails
  2667 | D:4      | Found Niehimm's Armour Boutique.
  2821 | D:4      | Found an iron altar of Okawaru.
  2862 | D:4      | Reached XP level 7. HP: 44/52 MP: 15/15
  3052 | D:4      | Learned a level 1 spell: Confusing Touch
  3464 | D:4      | Found an ancient bone altar of Kikubaaqudgha.
  3739 | D:5      | Entered Level 5 of the Dungeon
  3865 | D:5      | Found a staircase to the Ecumenical Temple.
  3875 | D:5      | Noticed Dowan
  3879 | D:5      | Noticed Duvessa
  3963 | D:5      | Noticed Grinder
  3970 | D:5      | Paralysed by Grinder for 7 turns
  4074 | D:5      | Killed Grinder
  4074 | D:5      | Reached * piety under Sif Muna
  4074 | D:5      | Reached XP level 8. HP: 59/60 MP: 11/16
  4117 | D:5      | Noticed goofnerd's ghost (novice TrMo)
  4159 | D:5      | Noticed a hornet
  4224 | D:5      | Noticed Prince Ribbit
  4232 | D:5      | Killed Prince Ribbit
  4320 | D:5      | Found a transporter.
  4324 | D:5      | Found a transporter.
  4459 | D:5      | Noticed Menkaure
  4468 | D:5      | Killed Menkaure
  4749 | D:5      | Found a basalt altar of Yredelemnul.
  4957 | D:5      | Noticed a wyvern
  4991 | D:5      | Noticed Eustachio
  5005 | D:5      | Killed Eustachio
  5005 | D:5      | Reached XP level 9. HP: 39/66 MP: 9/18
  5202 | D:5      | Killed Duvessa
  5207 | D:5      | Killed Dowan
  6488 | D:6      | Shot with an arrow by a centaur

Vault maps used:
D:1:      dpeg_arrival_pond
D:2:      old_standard_altar, cheibriados_altar_1,
          nicolae_ru_the_path_less_chosen
D:3:      minitemple, serial_bayou_lake_a, uniq_sigmund
D:4:      okawaru_ov_weapons_minmay, kennysheep_mini,
          chequers_temple_overflow_statue_of_worship, serial_shops, shop
D:5:      kennysheep_mini_moat, minmay_temple_entry_trees, first_ration,
          gammafunk_ghost_hive, chequers_big_river, uniq_grinder,
          uniq_prince_ribbit1, uniq_menkaure, uniq_duvessa, uniq_eustachio
D:6:      kb_rosetta

Skill      XL: |  1  2  3  4  5  6  7  8  9 |
---------------+----------------------------+-----
Spellcasting   | 5 6 |  6.5
Invocations    | 1 2 3 4 |  4.5
Short Blades   | 1 2 3 4 |  4.1
Long Blades    | 1 2 3 4 |  4.1
Axes           | 1 2 3 4 |  4.1
Polearms       | 1 2 3 4 |  4.1
Staves         | 1 2 3 4 |  4.1
Slings         | 1 2 3 4 |  4.1
Bows           | 1 2 3 4 |  4.1
Crossbows      | 1 2 3 4 |  4.1
Throwing       | 1 2 3 4 |  4.1
Armour         | 1 2 3 4 |  4.1
Dodging        | 1 2 3 4 |  4.1
Unarmed Combat | 1 2 3 4 |  4.1
Evocations     | 1 2 3 4 |  4.1
Fighting       | 3 4 |  4.9
Shields        | 3 4 |  4.9
Conjurations   | 1 2 3 |  3.4
Hexes          | 1 2 3 |  3.4
Charms         | 1 2 3 |  3.4
Summonings     | 1 2 3 |  3.4
Necromancy     | 1 2 3 |  3.4
Translocations | 1 2 3 |  3.4
Transmutations | 1 2 3 |  3.4
Fire Magic     | 1 2 3 |  3.4
Ice Magic      | 1 2 3 |  3.4
Air Magic      | 1 2 3 |  3.4
Poison Magic   | 1 2 3 |  3.4
Stealth        | 3 4 |  4.8
Maces & Flails | 5 6 |  6.2
Earth Magic    | 6 |  6.5

Action                   |  1- 3 |  4- 6 |  7- 9 || total
-------------------------+-------+-------+-------++-------
Melee: Mace              |    16 |       |       ||    16
       Flail             |    31 |    79 |   105 ||   215
       Bite              |     5 |     2 |    12 ||    19
       Punch             |       |       |     1 ||     1
Throw: Stone             |     3 |       |     1 ||     4
 Cast: Sandblast         |    12 |    10 |    72 ||    94
       Confusing Touch   |       |       |    21 ||    21
       Stone Arrow       |       |       |     4 ||     4
Evoke: Wand              |       |       |     2 ||     2
  Use: Scroll            |     1 |       |     2 ||     3
       Potion            |       |       |     2 ||     2
 Stab: Sleeping          |     2 |       |     1 ||     3
       Confused          |       |       |     1 ||     1
  Eat: Chunk             |     2 |     4 |     8 ||    14
       Ration            |       |       |     1 ||     1
Armor: Robe              |    10 |       |       ||    10
       Leather armour    |       |     9 |    13 ||    22
       Ring mail         |       |     3 |    15 ||    18
Dodge: Dodged            |    21 |    42 |    61 ||   124

Table legend:
 A = Non-vault XP
 B = Vault XP
 C = Vault XP percentage of total XP
 D = Non-vault monster count
 E = Vault monster count
 F = Vault count percentage of total count
                 A         B        C        D         E       F
            +---------+---------+-------+---------+---------+-------
      Total |    1901 |    1396 |  42.3 |     101 |       7 |   6.5
            +---------+---------+-------+---------+---------+-------
        D:1 |      16 |       0 |   0.0 |       8 |       0 |   0.0
        D:2 |      60 |       0 |   0.0 |      19 |       0 |   0.0
        D:3 |     116 |     223 |  65.8 |      26 |       1 |   3.7
        D:4 |     414 |       0 |   0.0 |      16 |       0 |   0.0
        D:5 |    1140 |    1173 |  50.7 |      28 |       6 |  17.6
        D:6 |     155 |       0 |   0.0 |       4 |       0 |   0.0
            +---------+---------+-------+---------+---------+-------
